 Dungeon Crawl Stone Soup version 0.27-a0-1220-g54dba09ff7 (webtiles) character file.

Game seed: 11248662335747456413

128 Bnni the Sneak (level 4, -2/35 HPs)
             Began as a Demonspawn Brigand on June 7, 2021.
             Slain by Robin
             ... wielding a +8 club
              (4 damage)
             ... on level 2 of the Dungeon.
             The game lasted 00:03:39 (1604 turns).

Bnni the Sneak (Demonspawn Brigand)                 Turns: 1604, Time: 00:03:39

Health: -2/35      AC:  3    Str: 12    XL:     4   Next: 86%
Magic:  4/4        EV: 11    Int: 12    God:
Gold:   47         SH:  0    Dex: 15    Spells: 3/3 levels left

rFire    . . .     SeeInvis .   a - +2 dagger
rCold    . . .     Faith    .   (no shield)
rNeg     . . .     Spirit   .   b - +0 robe
rPois    .         Reflect  .   (no helmet)
rElec    .         Harm     .   c - +0 cloak
rCorr    .         Rampage  .   (no gloves)
Will     .....                  (no boots)
Stlth    +++.......             (no amulet)
HPRegen  0.11/turn              (no ring)
MPRegen  0.09/turn              (no ring)

@: no status effects
A: talons 1, powered by death 1
a: no special abilities


You were on level 2 of the Dungeon.
You visited 1 branch of the dungeon, and saw 2 of its levels.

You collected 47 gold pieces.

Inventory:

Hand Weapons
 a - a +2 dagger (weapon)
Missiles
 d - 7 poisoned darts (quivered)
 e - a curare-tipped dart
Armour
 b - a +0 robe (worn)
 c - a +0 cloak (worn)
Scrolls
 h - a scroll of fog {unknown}
 i - 2 scrolls of teleportation {unknown}
 j - a scroll of silence {unknown}
 k - 2 scrolls of enchant weapon {unknown}
 l - 2 scrolls of vulnerability {unknown}
 m - a scroll of blinking {unknown}
Potions
 f - 2 potions of berserk rage {unknown}
 g - 2 potions of heal wounds {unknown}


   Skills:
 + Level 3.1 Fighting
 * Level 3.8 Short Blades
 - Level 1.7 Throwing
 - Level 0.8 Dodging
 - Level 4.0 Stealth


You had 3 spell levels left.
You didn't know any spells.
Your spell library was empty.

Dungeon Overview and Level Annotations

Branches:
Dungeon (2/15)

Altars:

Annotations:
D:2 Robin


Innate Abilities, Weirdness & Mutations

You have sharp toenails.
You regenerate a little health from kills.


Message History

Robin is heavily wounded.
You hit Robin.
Robin is severely wounded.
Robin roars a battlecry!
The goblin closely misses you. Robin throws the goblin at you!
The goblin hits you with a +0 dagger.
You hit the goblin. You claw the goblin.
You kill the goblin!
You hit Robin.
Robin is severely wounded.
Robin looks more healthy.
Robin zaps a wand.
You resist with some effort.
You hit Robin. You claw Robin.
Robin is almost dead.
You closely miss Robin. You claw Robin.
Robin is almost dead.
Robin throws the goblin at you!
You barely miss Robin.
Robin is almost dead.
The goblin hits you with a +0 dagger.
* * * LOW HITPOINT WARNING * * *
Robin barely misses you.
You hit Robin but do no damage.
Robin is almost dead.
The goblin hits you with a +0 dagger.
* * * LOW HITPOINT WARNING * * *
Robin roars a battlecry!
You hear a shout!
Unknown command.
You hit Robin but do no damage.
Robin is almost dead.
The goblin closely misses you. Robin closely misses you.
Unknown command.
You completely miss Robin. Your kick misses Robin.
Robin is almost dead.
The goblin hits you with a +0 dagger.
* * * LOW HITPOINT WARNING * * *
You hit the goblin.
The goblin is heavily wounded.
Robin hits you with a +8 club.
You die...

...... ####...###g.
......####
#........)(.
.........#
#.......##..
.........#
#...g....#..
.........#
#..†####.#..
#.....gg##### #.g.#
#.#.. +......gg.gg#
#...# #....
#.......###g# #.g.#
##... #.......# #@#
###...# #...
#.......#
#g###....## ##..
#.......# #)!......#
#.# #.......#
####.....# #+#
#.......# #.....#
#.......# #.....#
#.......######.....#
#######............#
#............#


You could see Robin and 3 goblins.

Vanquished Creatures
  Natasha (thrice) (D:2)
  An adder (D:2)
  A dart slug (D:1)
  5 ball pythons (D:1)
  6 endoplasms
  3 giant cockroaches
  2 hobgoblins
  4 kobolds
  A quokka (D:1)
  2 bats (D:1)
  2 frilled lizards (D:1)
  8 goblins
  A rat (D:1)
39 creatures vanquished.

Notes
Turn   | Place    | Note
-------+----------+-------------------------------------------
     0 | D:1      | Bnni the Demonspawn Brigand began the quest for the Orb.
     0 | D:1      | Reached XP level 1. HP: 16/16 MP: 1/1
   193 | D:1      | Reached skill level 4 in Stealth
   254 | D:1      | Gained mutation: You have sharp toenails. [demonic
                  | ancestry]
   254 | D:1      | Reached XP level 2. HP: 20/22 MP: 2/2
   768 | D:1      | Gained mutation: You regenerate a little health from kills.
                  | [demonic ancestry]
   768 | D:1      | Reached XP level 3. HP: 27/27 MP: 3/3
  1124 | D:2      | Noticed Natasha
  1134 | D:2      | Killed Natasha
  1135 | D:2      | Reached XP level 4. HP: 23/34 MP: 4/4
  1138 | D:2      | Noticed Robin
  1173 | D:2      | Noticed Natasha
  1182 | D:2      | Killed Natasha
  1495 | D:2      | Noticed Natasha
  1503 | D:2      | Killed Natasha
  1604 | D:2      | Slain by Robin

Illustrated notes

Levels and vault maps discovered:
D:1:      psy_arrival_dodecagon, layout_rooms, serial_rivers,
          chequers_serial_rivers_micro_b, chequers_serial_rivers_micro_c,
          chequers_serial_rivers_micro_b, chequers_serial_rivers_large_b,
          chequers_serial_rivers_room_b, st_stairs_1
D:2:      layout_basic, minivault_4, feat_on_display, uniq_robin, uniq_natasha

Skill      XL: |  1  2  3  4 |
---------------+-------------+-----
Stealth        | 4 |  4.0
Short Blades   | 2 3 |  3.8
Fighting       | 3 |  3.1
Throwing       | |  1.7
Dodging        | |  0.8

Action                   |  1- 3 |  4- 6 || total
-------------------------+-------+-------++-------
Melee: Dagger            |    76 |    44 ||   120
       Kick              |    13 |    12 ||    25
Throw: Dart              |       |     2 ||     2
 Stab: Sleeping          |     6 |       ||     6
Armor: Robe              |    17 |     4 ||    21
Dodge: Dodged            |    35 |    15 ||    50

Table legend: (Time is in decaauts)
 A = Elapsed time spent in this place.
 B = Non-inter-level travel time spent in this place.
 C = Inter-level travel time spent in this place.
 D = Time resting spent in this place.
 E = Time spent auto-exploring this place.
 F = Levels seen in this place.
 G = Mean time per level.
                   A        B        C        D        E       F      G
               +--------+--------+--------+--------+--------+-----+--------+
         Total |   1620 |   1598 |     22 |    661 |    646 |   2 |  810.0 |
       Dungeon |   1620 |   1598 |     22 |    661 |    646 |   2 |  810.0 |
               +--------+--------+--------+--------+--------+-----+--------+

Top non-repeatable levels by time:
     D:1: 989 daAuts
     D:2: 631 daAuts
